Map: Sequencer LE

Players

ByuN - Winner!

  • Race: Terran Terran
  • Spawn Location: 7:00

soO

  • Race: Zerg Zerg
  • Spawn Location: 1:00

VOD

Have the link to the VOD?

Description

Time

  • Played on: July 29, 2017, 2:12 a.m.
  • Length: 8:55
Show
View Real Time Build Order
Export as new Build Order

ByuN Terran - Winner!

Build Orders:  

Get SALT Encoding   

  12  0:00  SCV  
  13  0:12  SCV  
  14  0:17  Supply Depot  
  14  0:24  SCV  
  15  0:38  SCV  
  15  0:40  Barracks  
  16  0:44  Refinery  
  16  0:50  SCV  
  17  0:59  Barracks  
  17  1:03  SCV  
  18  1:15  SCV  
  19  1:21  Barracks  
  19  1:26  Reaper  
  20  1:37  Orbital Command  
  20  1:44  Refinery  
  20  1:47  Reaper  
  21  1:55  Supply Depot  
  21  2:03  Reaper  
  21  2:04  SCV  
  23  2:16  Reaper  
  23  2:19  SCV  
  25  2:25  Reaper  
  25  2:27  Supply Depot  
  26  2:33  SCV  
  26  2:35  Reaper  
  28  2:45  SCV  
  29  2:57  SCV, Reaper  
  31  3:03  Reaper  
  32  3:09  SCV, Command Center  
  33  3:18  Factory  
  33  3:19  Reaper  
  34  3:21  SCV  
  34  3:26  Supply Depot  
  35  3:31  Reaper  
  36  3:35  SCV  
  37  3:47  SCV  
  38  3:52  Reaper x2  
  38  3:53  Refinery  
  40  3:57  Refinery  
  40  3:59  SCV  
  41  4:06  Starport  
  41  4:11  SCV  
  42  4:19  Reaper  
  42  4:23  SCV  
  44  4:36  SCV, Factory Reactor  
  44  4:37  Orbital Command  
  45  4:41  Reaper  
  45  4:45  Reaper  
  47  4:48  SCV  
  48  4:52  Supply Depot  
  48  4:57  Reaper  
  49  5:00  SCV  
  50  5:11  SCV  
  50  5:12  SCV  
  53  5:15  Command Center  
  53  5:22  Barracks Reactor x2  
  53  5:24  SCV x2, Factory Reactor  
  54  5:30  Barracks Tech Lab  
  54  5:33  Engineering Bay, Medivac  
  54  5:35  Engineering Bay  
  56  5:40  Medivac  
  59  5:42  SCV  
  59  5:43  SCV  
  60  5:53  Marine  
  60  5:55  SCV x2  
  63  6:01  Terran Infantry Armor Level 1, Terran Infantry Weapons Level 1  
  60  6:08  SCV  
  60  6:10  SCV  
  60  6:13  Marine  
  60  6:17  Marine x3  
  62  6:21  Supply Depot  
  62  6:24  Supply Depot  
  62  6:26  Marine  
  62  6:27  Orbital Command  
  62  6:33  Medivac x2  
  62  6:37  Stimpack, Widow Mine  
  68  6:46  Marine  
  73  6:49  Liberator x2  
  73  6:51  SCV x2, Supply Depot  
  75  6:57  Barracks Reactor x2  
  75  6:59  SCV  
  72  7:03  SCV, Marine  
  72  7:04  SCV  
  72  7:05  Widow Mine  
  72  7:06  Widow Mine  
  85  7:11  SCV  
  85  7:15  SCV  
  87  7:16  SCV  
  87  7:20  Barracks  
  87  7:21  Marine  
  87  7:22  Barracks  
  89  7:24  SCV  
  89  7:27  SCV  
  91  7:34  Marine x3  
  91  7:35  Marine, Widow Mine x2  
  99  7:39  Marine, Supply Depot  
  99  7:43  SCV  
  101  7:52  Supply Depot  
  101  7:56  Supply Depot  
  101  7:57  Supply Depot  
  101  7:59  SCV, Marine x2  
  101  8:01  SCV x2, Medivac x2  
  101  8:03  Marine x2  
  101  8:04  Armory  
  109  8:13  Marine, Widow Mine x2  
  109  8:16  Barracks Reactor  
  109  8:17  Marine x2  
  115  8:21  Marine x2  
  117  8:31  Marine  
  117  8:33  Barracks Reactor  
  117  8:34  Marine  
  117  8:35  Marine  
Show
View Real Time Build Order
Export as new Build Order

soO Zerg 

Build Orders: Hatch First 

Get SALT Encoding   

  12  0:00  Drone  
  13  0:12  Overlord  
  13  0:17  Drone  
  14  0:30  Drone x2  
  14  0:33  Drone  
  17  0:51  Hatchery  
  17  0:55  Drone  
  17  0:58  Drone  
  18  1:09  Extractor  
  17  1:13  Spawning Pool  
  17  1:16  Drone  
  17  1:19  Drone  
  18  1:28  Drone  
  19  1:40  Overlord  
  19  1:59  Queen, Zergling x4  
  23  2:02  Queen  
  23  2:04  Zergling x2  
  26  2:09  Metabolic Boost  
  26  2:13  Drone  
  26  2:14  Drone  
  28  2:21  Drone  
  29  2:25  Drone  
  30  2:34  Queen, Overlord  
  32  2:38  Drone  
  33  2:48  Zergling x2, Drone  
  35  2:54  Evolution Chamber, Zergling x2  
  35  3:02  Zergling x2  
  36  3:08  Zergling x6, Overlord  
  36  3:10  Zergling x4  
  41  3:23  Zerg Ground Armor Level 1  
  41  3:24  Overlord  
  41  3:25  Zergling x4  
  43  3:28  Drone  
  43  3:31  Drone  
  43  3:41  Drone x2  
  45  3:52  Hatchery  
  43  3:56  Zergling x6  
  46  4:03  Zergling x6  
  49  4:11  Hatchery  
  46  4:18  Zergling x8  
  47  4:28  Zergling x2  
  42  4:31  Zergling x10  
  42  4:36  Zergling x6  
  46  4:45  Zergling x2  
  48  4:46  Hatchery  
  47  4:54  Zergling x4  
  47  5:03  Zergling x2  
  48  5:07  Zergling x6  
  48  5:09  Zergling x2  
  48  5:10  Queen x2  
  56  5:20  Zergling x4  
  57  5:27  Zergling x2  
  58  5:30  Zergling x2  
  59  5:37  Zerg Melee Weapons Level 1  
  59  5:40  Zergling x2  
  59  5:41  Overlord  
  59  5:42  Overlord  
  59  5:46  Overlord  
  58  5:51  Zergling x4  
  58  5:58  Zergling x4  
  58  6:02  Drone  
  59  6:06  Drone  
  59  6:08  Drone  
  59  6:10  Drone  
  55  6:17  Drone  
  51  6:18  Drone  
  51  6:23  Drone  
  51  6:24  Drone x2  
  53  6:27  Drone x2  
  53  6:28  Queen  
  56  6:35  Drone x2  
  56  6:37  Drone  
  58  6:40  Hatchery  
  58  6:42  Drone x2  
  58  6:46  Drone  
  60  6:47  Lair  
  60  6:49  Baneling Nest  
  60  6:50  Drone x3  
  59  6:55  Zergling x6  
  61  7:01  Zergling x6  
  61  7:02  Zergling x2  
  61  7:05  Zergling x2  
  65  7:12  Zergling x2  
  65  7:13  Extractor  
  65  7:14  Extractor  
  64  7:21  Zergling x6  
  64  7:22  Zergling x4  
  67  7:31  Drone x2  
  67  7:34  Overlord  
  68  7:37  Overlord  
  68  7:38  Drone  
  68  7:39  Drone x2  
  70  7:46  Drone x2  
  70  7:49  Drone x2  
  70  7:50  Overseer  
  70  7:51  Drone  
  70  7:52  Drone x3  
  74  7:59  Drone x2  
  76  8:06  Drone  
  76  8:07  Drone  
  76  8:09  Drone x3  
  76  8:12  Drone x3  
  81  8:13  Drone x3  
  81  8:15  Queen  
  83  8:21  Zergling x2  
  84  8:27  Zergling x4, Hydralisk Den  
  84  8:28  Zergling x4  
  87  8:37  Zergling x8  
  87  8:39  Baneling x4  
Tags
 
Add a new tag
Caveats
  • Supply blocks, unpowered buildings, or Contaminate may cause inaccurate times.
  • Supply counts are checked every 10 seconds.